 Dungeon Crawl Stone Soup version 0.22-a0-355-g201945f (webtiles) character file.

23143 4thArraOfDagon the Thaumaturge (level 12, -14/86 HPs)
             Began as a Mummy Fire Elementalist on Apr 17, 2018.
             Was a High Priest of Vehumet.
             Demolished by Agnes
             ... wielding a +4 lajatang of speed
              (17 damage)
             ... on level 14 of the Dungeon.
             The game lasted 00:38:10 (8652 turns).

4thArraOfDagon the Thaumaturge (MuFE)               Turns: 8652, Time: 00:38:11

Health: -14/86     AC: 11    Str: 12    XL:     12   Next: 69%
Magic:  7/26       EV: 13    Int: 19    God:    Vehumet [*****.]
Gold:   910        SH:  0    Dex: 12    Spells: 10/32 levels left

rFire    x . .     SeeInvis .   u - +2 halberd (venom)
rCold    + + +     Gourm    .   (shield currently unavailable)
rNeg     + + +     Faith    .   D - +0 troll leather armour
rPois    ∞         Spirit   .   a - +0 helmet
rElec    .         Reflect  .   d - +0 cloak
rCorr    .         Harm     .   t - +0 pair of gloves
MR       +....                  j - +2 pair of boots {run}
Stlth    +.........             m - amulet of magic regeneration
HPRegen  0.64/turn              r - ring of protection from cold
MPRegen  0.45/turn              w - ring of protection from cold

@: about to teleport, quick
A: no food or potions, fire vulnerability, cold resistance 1, negative energy
resistance 3, torment resistance, unbreathing
a: Renounce Religion


You were on level 14 of the Dungeon.
You worshipped Vehumet.
Vehumet was extremely pleased with you.
You were not hungry.

You visited 2 branches of the dungeon, and saw 15 of its levels.

You collected 910 gold pieces.

Inventory:

Hand Weapons
 k - a +0 trident
 q - a +2 war axe of venom
 u - a +2 halberd of venom (weapon)
 B - a +4 scimitar of flaming
Missiles
 F - 3 throwing nets (quivered)
Armour
 a - a +0 helmet (worn)
 d - a +0 cloak (worn)
 e - a +1 ring mail
 j - a +2 pair of boots of running (worn)
 t - a +0 pair of gloves (worn)
 z - a +3 leather armour
 D - a +0 troll leather armour (worn)
Magical Staves
 f - an uncursed staff of air
Jewellery
 m - an amulet of magic regeneration (around neck)
 r - a ring of protection from cold (left hand)
 w - a ring of protection from cold (right hand)
 A - an uncursed amulet of regeneration
Wands
 c - a wand of random effects (26)
 l - a wand of digging (14)
 o - a wand of iceblast (26)
 G - a wand of flame (19)
 I - a wand of scattershot (4)
Scrolls
 b - 6 scrolls of remove curse
 g - 10 scrolls of teleportation
 h - 3 scrolls of fog
 i - 6 scrolls of identify
 n - a scroll of brand weapon
 p - 2 scrolls of enchant armour
 s - 6 scrolls of noise
 v - a scroll of acquirement
 x - 4 scrolls of fear
 y - 2 scrolls of amnesia
 E - a scroll of enchant weapon
Miscellaneous
 C - a sack of spiders
 H - a lamp of fire


   Skills:
 - Level 5.0 Fighting
 + Level 4.2 Armour
 + Level 4.6 Dodging
 - Level 1.5 Stealth
 + Level 10.7 Spellcasting
 * Level 10.3 Conjurations
 * Level 10.6 Fire Magic
 + Level 2.2 Evocations


You had 10 spell levels left.
You knew the following spells:

 Your Spells              Type           Power        Failure   Level  Hunger
a - Flame Tongue          Conj/Fire      #####        1%          1    N/A
b - Conjure Flame         Conj/Fire      ######..     1%          3    N/A
c - Sticky Flame          Conj/Fire      ######..     1%          4    N/A
d - Fireball              Conj/Fire      ######....   1%          5    N/A
e - Throw Icicle          Conj/Ice       ####....     3%          4    N/A
f - Lee's Rapid Deconstr  Erth           ##........   50%         5    N/A

Dungeon Overview and Level Annotations

Branches:
Dungeon (14/15)            Temple (1/1) D:7            Lair (0/6) D:11
    Orc (0/2) D:11         Vaults (0/5) D:13

Altars:
Dithmenos
Elyvilon
Hepliaklqana
Kikubaaqudgha
Makhleb
Okawaru
Qazlal
Trog
Vehumet
Xom
Yredelemnul
Zin
The Shining One

Annotations:
D:14 Agnes


Innate Abilities, Weirdness & Mutations

You do not eat or drink.
Your flesh is vulnerable to fire.
You are immune to poison.
Your flesh is cold resistant. (rC+)
You are immune to negative energy. (rN+++)
You are immune to unholy pain and torment.
You can survive without breathing.


Message History

Press: ? - help, Shift-Dir - straight line, p - wraith The fireball explodes!
The fireball engulfs something.
The fireball engulfs you! The fire burns you terribly!
The fireball engulfs the wraith.
You destroy the wraith!
Vehumet accepts your kill.
You feel your power returning.
The fireball engulfs the bullfrog.
The bullfrog is heavily wounded.
Something hits you.
The bullfrog hits you but does no damage.
Something hits you!!! The bullfrog hits you.
Unknown command.
Unknown command.
Unknown command.
As you read the scroll of teleportation, it crumbles to dust.
You feel strangely unstable. Something hits you!!
* * * LOW HITPOINT WARNING * * *
The bullfrog hits you but does no damage.
Something hits you!
You die...

...# #..# #..# #..# #..#
.# #F)##+##.# #y.......#
#........## #@F........
#..........
####..........
############.............
#........................
#.......#####...#######..
........#...#...(.....#
........#...#...#.....#
........#...#...#.....#


You could see a hornet and 2 bullfrogs.

Vanquished Creatures
  Kirke (D:12)
  7 vault guards (D:13)
  2 two-headed ogres
  Erica (D:10)
  2 ugly things
  A manticore (D:11)
  2 cyclopes
  6 centaur zombies
  4 kobold demonologists (D:13)
  A tengu conjurer (D:12)
  2 trolls
  Grinder (D:4)
  A hippogriff (D:12)
  Sigmund (D:5)
  A spriggan (D:8)
  2 wyverns
  2 wraiths
  4 yaks (D:11)
  Eustachio (D:6)
  A basilisk (D:13)
  2 hogs (D:12)
  Grum (D:8)
  2 hungry ghosts
  Edmund (D:4)
  An acid dragon (D:14)
  2 hell hounds (D:11)
  5 orc warriors
  A black bear (D:7)
  2 sky beasts
  An eye of draining (D:12)
  4 ogres
  4 ice beasts
  4 phantoms
  A necrophage (D:12)
  2 wolves (D:8)
  12 centaurs
  5 big kobolds
  5 bullfrogs
  A gnoll sergeant (D:12)
  6 scorpions
  9 killer bees
  An electric eel (D:11)
  A crimson imp (D:13)
  6 howler monkeys
  4 hounds
  2 quasits (D:11)
  4 jellies
  6 orc priests
  Crazy Yiuf (D:3)
  A gnoll shaman (D:8)
  15 orc wizards
  2 bullfrog skeletons
  4 iguanas
  10 worker ants
  Robin (D:3)
  7 gnolls
  11 adders
  2 shadow imps
  3 adder skeletons
  A worm (D:2)
  9 leopard geckos
  38 orcs
  3 bats
  3 giant cockroaches
  16 goblins
  8 hobgoblins
  12 jackals
  6 quokkas
  2 ball pythons
  5 frilled lizards
  21 kobolds
  7 rats
  3 fungi (D:3)
329 creatures vanquished.

Vanquished Creatures (others)
  An orc warrior (D:7)
  A crocodile (D:12)
  A plant (D:5)
3 creatures vanquished.

Grand Total: 332 creatures vanquished

Notes
Turn   | Place    | Note
-------+----------+-------------------------------------------
     0 | D:1      | 4thArraOfDagon the Mummy Fire Elementalist began the quest for the Orb.
     0 | D:1      | Reached XP level 1. HP: 13/13 MP: 4/4
    88 | D:2      | Reached skill level 1 in Conjurations
    88 | D:2      | Reached XP level 2. HP: 19/19 MP: 2/5
   211 | D:2      | Found a basalt altar of Yredelemnul.
   347 | D:2      | Reached XP level 3. HP: 24/24 MP: 4/7
   352 | D:2      | Learned a level 3 spell: Conjure Flame
   715 | D:3      | Identified a +2 pair of boots of running (You found it on level 3 of the Dungeon)
   906 | D:4      | Noticed Edmund
   949 | D:4      | Noticed an ogre
   983 | D:4      | Killed an ogre
   983 | D:4      | Reached XP level 4. HP: 30/30 MP: 0/9
   983 | D:4      | Reached XP level 5. HP: 35/35 MP: 0/10
  1005 | D:4      | Learned a level 4 spell: Sticky Flame
  1096 | D:5      | Entered Level 5 of the Dungeon
  1285 | D:5      | Reached XP level 6. HP: 21/41 MP: 0/12
  1292 | D:5      | Learned a level 5 spell: Fireball
  1356 | D:5      | Noticed Sigmund
  1548 | D:5      | Reached XP level 7. HP: 34/46 MP: 11/14
  1740 | D:6      | Reached skill level 5 in Spellcasting
  1779 | D:5      | Noticed Eustachio
  1811 | D:7      | Reached skill level 5 in Fire Magic
  1830 | D:7      | Reached XP level 8. HP: 40/52 MP: 8/16
  1898 | D:7      | Reached skill level 5 in Conjurations
  1934 | D:7      | Found a staircase to the Ecumenical Temple.
  1943 | Temple   | Entered the Ecumenical Temple
  1963 | Temple   | Became a worshipper of Vehumet
  2230 | D:7      | Found a glowing golden altar of the Shining One.
  2286 | D:7      | Found a shadowy altar of Dithmenos.
  2621 | D:6      | Killed Eustachio
  2621 | D:6      | Reached XP level 9. HP: 57/57 MP: 12/19
  2701 | D:5      | Killed Sigmund
  2701 | D:5      | Reached * piety under Vehumet
  2701 | D:5      | Offered knowledge of Sandblast by Vehumet.
  3197 | D:3      | Noticed Robin
  3208 | D:3      | Reached ** piety under Vehumet
  3209 | D:3      | Killed Robin
  3209 | D:3      | Offered knowledge of Magic Dart by Vehumet.
  3301 | D:3      | Found a runed door.
  3305 | D:3      | Noticed Crazy Yiuf
  3310 | D:3      | Killed Crazy Yiuf
  4390 | D:2      | Offered knowledge of Dazzling Spray by Vehumet.
  4862 | D:4      | Noticed Grinder
  4868 | D:4      | Killed Grinder
  4901 | D:4      | Killed Edmund
  5330 | D:8      | Found an ancient bone altar of Kikubaaqudgha.
  5357 | D:8      | Reached *** piety under Vehumet
  5484 | D:8      | Noticed Grum
  5511 | D:8      | Killed Grum
  5622 | D:8      | Offered knowledge of Olgreb's Toxic Radiance by Vehumet.
  5696 | D:8      | Got a twisted trident
  5697 | D:8      | Identified the +4 trident "Wyuleteo" {antimagic, rF+} (You found it on level 8 of the Dungeon)
  5777 | D:9      | Reached XP level 10. HP: 63/63 MP: 17/22
  5785 | D:9      | Identified a scroll of acquirement
  5975 | D:9      | Noticed a two-headed ogre
  5998 | D:9      | Killed a two-headed ogre
  6119 | D:10     | Entered Level 10 of the Dungeon
  6141 | D:10     | Noticed Erica
  6155 | D:10     | Killed Erica
  6155 | D:10     | Reached skill level 1 in Fighting
  6222 | D:10     | Reached skill level 1 in Armour
  6227 | D:10     | Reached **** piety under Vehumet
  6319 | D:10     | Noticed a two-headed ogre
  6335 | D:10     | Killed a two-headed ogre
  6335 | D:10     | Offered knowledge of Irradiate by Vehumet.
  6710 | D:11     | Reached XP level 11. HP: 68/72 MP: 18/24
  6981 | D:11     | Reached ***** piety under Vehumet
  7059 | D:11     | Noticed a cyan ugly thing
  7071 | D:11     | Killed a cyan ugly thing
  7071 | D:11     | Offered knowledge of Throw Icicle by Vehumet.
  7145 | D:11     | Found a staircase to the Orcish Mines.
  7367 | D:11     | Found a staircase to the Lair.
  7393 | D:11     | Learned a level 4 spell: Throw Icicle
  7631 | D:12     | Noticed a cyan ugly thing
  7644 | D:12     | Killed a cyan ugly thing
  7723 | D:12     | Noticed Kirke
  7730 | D:12     | Noticed a harpy
  7730 | D:12     | Noticed a harpy
  7735 | D:12     | Killed Kirke
  7735 | D:12     | Reached skill level 10 in Spellcasting
  7735 | D:12     | Reached skill level 10 in Fire Magic
  8033 | D:13     | Reached XP level 12. HP: 83/83 MP: 18/26
  8091 | D:13     | Noticed a vault guard
  8107 | D:13     | Killed a vault guard
  8121 | D:13     | Noticed a vault guard
  8137 | D:13     | Killed a vault guard
  8137 | D:13     | Reached skill level 1 in Evocations
  8151 | D:13     | Noticed a vault guard
  8156 | D:13     | Noticed a vault guard
  8156 | D:13     | Noticed a vault guard
  8171 | D:13     | Killed a vault guard
  8171 | D:13     | Reached skill level 10 in Conjurations
  8178 | D:13     | Killed a vault guard
  8226 | D:13     | Noticed a vault guard
  8237 | D:13     | Killed a vault guard
  8254 | D:13     | Noticed a vault guard
  8260 | D:13     | Killed a vault guard
  8282 | D:13     | Noticed a vault guard
  8291 | D:13     | Killed a vault guard
  8308 | D:13     | Found a gate to the Vaults.
  8436 | D:13     | Offered knowledge of Lee's Rapid Deconstruction by Vehumet.
  8448 | D:13     | Learned a level 5 spell: Lee's Rapid Deconstruction
  8466 | D:13     | Reached skill level 5 in Fighting
  8647 | D:14     | Noticed Agnes
  8652 | D:14     | HP: 3/86 [something (23)]
  8652 | D:14     | Demolished by Agnes

Vault maps used:
D:1:      dpeg_arrival_ratfight, minmay_tree_intersection
D:2:      old_standard_altar, first_ration
D:3:      minmay_goblin_outpost, uniq_robin, uniq_crazy_yiuf_cottage
D:4:      uniq_grinder, uniq_edmund
D:5:      lexackson_kobold_supper, uniq_sigmund, uniq_eustachio
D:7:      tso_oasis_becter, minmay_temple_entry_water_ring, serial_glass,
          glass_columns_b, glass_columns_a, glass_columns_b, glass_columns_a,
          glass_columns_b, glass_columns_c, glass_columns_a, glass_columns_a,
          grunt_dithmenos_smoke
D:8:      kennysheep_little_box, lemuel_crystal_altar, the_bakery, uniq_grum
D:10:     uniq_erica
D:11:     cheibrodos_helix_gallery, minmay_lair_entry_lava, orc_0_dummy
D:12:     uniq_kirke
D:13:     erik_vaults_2, minivault_11, evilmike_butchery
D:14:     minmay_bloctagon_deflated, cheibriados_altar_1, basic_altar,
          uniq_agnes, uniq_rupert
Temple:   compressed_dpeg_circular_temple

Skill      XL: |  1  2  3  4  5  6  7  8  9 10 11 12 |
---------------+-------------------------------------+-----
Conjurations   | 1 2 3 4 6 7 8 9 10 | 10.3
Spellcasting   | 3 4 5 6 8 9 10 | 10.7
Fire Magic     | 3 4 5 6 8 9 10 | 10.6
Fighting       | 2 4 5 |  5.0
Dodging        | 2 3 4 |  4.6
Armour         | 1 3 4 |  4.2
Evocations     | 2 |  2.2
Stealth        | |  1.5

Action                   |  1- 3 |  4- 6 |  7- 9 | 10-12 || total
-------------------------+-------+-------+-------+-------++-------
Melee: Unarmed           |     7 |       |       |       ||     7
       Spear             |    17 |     3 |       |       ||    20
       Trident           |       |    20 |    50 |       ||    70
       War axe           |       |       |   135 |       ||   135
       Halberd           |       |       |    28 |   239 ||   267
 Cast: Flame Tongue      |    44 |    48 |   171 |    57 ||   320
       Conjure Flame     |     2 |     3 |     7 |    37 ||    49
       Sticky Flame      |       |     1 |    28 |    52 ||    81
       Fireball          |       |       |       |    48 ||    48
Evoke: Wand              |       |       |       |     5 ||     5
  Use: Scroll            |     2 |     1 |     6 |     8 ||    17
 Stab: Sleeping          |       |     1 |       |     2 ||     3
Armor: Robe              |     6 |     8 |    22 |       ||    36
       Ring mail         |       |       |   174 |    20 ||   194
       Troll leather arm |       |       |       |    91 ||    91
       Leather armour    |       |       |       |     4 ||     4
Dodge: Dodged            |    22 |    25 |   203 |   180 ||   430
Block: Other             |     4 |     9 |       |       ||    13

Table legend:
 A = Spawn XP
 B = Non-spawn XP
 C = Spawn XP percentage of total XP
 D = Spawn monster count
 E = Non-spawn monster count
 F = Spawn count percentage of total count
 G = Total turns spent on level
                    A         B        C        D         E        F      G
               +---------+---------+-------+---------+---------+-------+---------
         Total |       0 |   33062 |   0.0 |       0 |     327 |   0.0 |  8652
               +---------+---------+-------+---------+---------+-------+---------
           D:1 |       0 |      21 |   0.0 |       0 |      14 |   0.0 |   810
           D:2 |       0 |      67 |   0.0 |       0 |      16 |   0.0 |   993
           D:3 |       0 |     151 |   0.0 |       0 |      33 |   0.0 |   614
           D:4 |       0 |    1023 |   0.0 |       0 |      33 |   0.0 |   984
           D:5 |       0 |     973 |   0.0 |       0 |      28 |   0.0 |   882
           D:6 |       0 |     685 |   0.0 |       0 |      13 |   0.0 |   448
           D:7 |       0 |    1273 |   0.0 |       0 |      15 |   0.0 |   547
           D:8 |       0 |    1049 |   0.0 |       0 |      15 |   0.0 |   418
           D:9 |       0 |    1812 |   0.0 |       0 |      13 |   0.0 |   371
          D:10 |       0 |    3801 |   0.0 |       0 |      29 |   0.0 |   572
          D:11 |       0 |    4806 |   0.0 |       0 |      51 |   0.0 |   755
          D:12 |       0 |    5036 |   0.0 |       0 |      23 |   0.0 |   491
          D:13 |       0 |   11205 |   0.0 |       0 |      35 |   0.0 |   614
          D:14 |       0 |    1070 |   0.0 |       0 |       8 |   0.0 |   101
        Temple |       0 |      90 |   0.0 |       0 |       1 |   0.0 |    52
               +---------+---------+-------+---------+---------+-------+---------
